TOP OF THE 1ST |
Auburn Doubledays batting - Pitching for Cincinnati (NYP) Reds : LHP Jesus Perez
|
Pitching: LHP Jesus Perez
|
|
Batting: RHB Xavier Reeves
|
0-0: Ball 1-0: Ball 2-0: Foul Ball, location: 2F 2-1: Called Strike 2-2: Strikes out swinging
|
Batting: LHB Chance McWilliams
|
0-0: Called Strike 0-1: Foul Ball, location: 2F 0-2: Strikes out swinging
|
Batting: RHB Nick Moreno
|
0-0: Ball 1-0: Fly out, F8 (Flyball, 8LS, EV 84.4 MPH)
|
Top of the 1st over - 0 runs, 0 hits, 0 errors, 0 left on base; Auburn 0 - Cincinnati (NYP) 0 |
BOTTOM OF THE 1ST |
Cincinnati (NYP) Reds batting - Pitching for Auburn Doubledays : RHP Jimmy Purscell
|
Pitching: RHP Jimmy Purscell
|
|
Batting: RHB Jon Marquez
|
0-0: Called Strike 0-1: Ball 1-1: Ball 2-1: Ground out 3-1 (Groundball, 34S, EV 74.4 MPH)
|
Batting: SHB Kristian Kristensen
|
0-0: Ball 1-0: DOUBLE (Line Drive, 5D, EV 98.1 MPH)
|
Batting: RHB Randy Grewe
|
0-0: Ball 1-0: Ball 2-0: Foul Ball, location: 2F 2-1: Called Strike 2-2: Foul Ball, location: 2F 2-2: Strikes out looking
|
Batting: LHB Brian Dickeson
|
0-0: Ball 1-0: Foul Ball, location: 2F 1-1: Foul Ball, location: 2F 1-2: Ball Wild Pitch! Kristian Kristensen to third 2-2: Ground out U3 (Groundball, 3, EV 89.4 MPH)
|
Bottom of the 1st over - 0 runs, 1 hit, 0 errors, 1 left on base; Auburn 0 - Cincinnati (NYP) 0 |
TOP OF THE 2ND |
Auburn Doubledays batting - Pitching for Cincinnati (NYP) Reds : LHP Jesus Perez
|
Batting: RHB Deshawn Boseman
|
0-0: Ball 1-0: Ball 2-0: Foul Ball, location: 2F 2-1: Foul Ball, location: 2F 2-2: DOUBLE (Flyball, 78XD, EV 105.0 MPH)
|
Batting: RHB Er Le
|
0-0: Foul Ball, location: 2F 0-1: Swinging Strike 0-2: Ball 1-2: Reached on error, E4 (Groundball, 4S, EV 86.2 MPH) Deshawn Boseman to third
|
Batting: RHB Antonio Vallez
|
0-0: Foul Ball, location: 2F 0-1: Ball Wild Pitch! Deshawn Boseman scores Er Le to second 1-1: Ground out 6-3 (Groundball, 6, EV 111.2 MPH)
|
Batting: RHB Taffounnout Kame
|
0-0: Ball 1-0: Ball 2-0: Foul Ball, location: 2F 2-1: Called Strike 2-2: Ball 3-2: Strikes out looking
|
Batting: SHB Alex Medina
|
0-0: Called Strike 0-1: Ball 1-1: Swinging Strike 1-2: Ball 2-2: Strikes out swinging
|
Top of the 2nd over - 1 run, 1 hit, 1 error, 1 left on base; Auburn 1 - Cincinnati (NYP) 0 |
BOTTOM OF THE 2ND |
Cincinnati (NYP) Reds batting - Pitching for Auburn Doubledays : RHP Jimmy Purscell
|
Batting: RHB David Clough
|
0-0: Ball 1-0: Ball 2-0: Swinging Strike 2-1: Foul Ball, location: 2F 2-2: Foul Ball, location: 2F 2-2: Ball 3-2: Ground out 2-3 (Groundball, 2R, EV 70.6 MPH)
|
Batting: SHB Jaivata Mohanty
|
0-0: Ball 1-0: Ball 2-0: Foul Ball, location: 2F 2-1: Foul Ball, location: 2F 2-2: Ground out 4-3 (Groundball, 4S, EV 80.6 MPH)
|
Batting: SHB Cesar Pelayo
|
0-0: Ball 1-0: Called Strike 1-1: Foul Ball, location: 2F 1-2: Ground out 6-3 (Groundball, 6D, EV 101.9 MPH)
|
Bottom of the 2nd over - 0 runs, 0 hits, 0 errors, 0 left on base; Auburn 1 - Cincinnati (NYP) 0 |
TOP OF THE 3RD |
Auburn Doubledays batting - Pitching for Cincinnati (NYP) Reds : LHP Jesus Perez
|
Batting: LHB Bobby Adams
|
0-0: Called Strike 0-1: Ball 1-1: Ball 2-1: Swinging Strike 2-2: Ball 3-2: Fly out, F7 (Line Drive, 7, EV 90.0 MPH)
|
Batting: RHB Xavier Reeves
|
0-0: Ball 1-0: Called Strike 1-1: Ball 2-1: Ground out 2-3 (Groundball, 2L, EV 68.8 MPH)
|
Batting: LHB Chance McWilliams
|
0-0: Foul Ball, location: 2F 0-1: Ball 1-1: Foul Ball, location: 2F 1-2: Strikes out swinging
|
Top of the 3rd over - 0 runs, 0 hits, 0 errors, 0 left on base; Auburn 1 - Cincinnati (NYP) 0 |
BOTTOM OF THE 3RD |
Cincinnati (NYP) Reds batting - Pitching for Auburn Doubledays : RHP Jimmy Purscell
|
Batting: RHB Alex de Leon
|
0-0: Ball 1-0: Called Strike 1-1: Fly out, F8 (Flyball, 8LS, EV 75.6 MPH)
|
Batting: LHB Jason Pirkle
|
0-0: Ball 1-0: Called Strike 1-1: Ball 2-1: Ball 3-1: Called Strike 3-2: Ground out 6-3 (Groundball, 6, EV 83.1 MPH)
|
Batting: RHB Jon Marquez
|
0-0: Called Strike 0-1: Foul Ball, location: 2F 0-2: Ball 1-2: Ball 2-2: Strikes out swinging
|
Bottom of the 3rd over - 0 runs, 0 hits, 0 errors, 0 left on base; Auburn 1 - Cincinnati (NYP) 0 |
TOP OF THE 4TH |
Auburn Doubledays batting - Pitching for Cincinnati (NYP) Reds : LHP Jesus Perez
|
Batting: RHB Nick Moreno
|
0-0: Ball 1-0: Called Strike 1-1: Called Strike 1-2: Foul Ball, location: 2F 1-2: Ball 2-2: Ball 3-2: Foul Ball, location: 2F 3-2: Foul Ball, location: 2F 3-2: Foul Ball, location: 2F 3-2: Fly out, F8 (Flyball, 8LD, EV 89.4 MPH)
|
Batting: RHB Deshawn Boseman
|
0-0: Ball 1-0: Ball 2-0: Called Strike 2-1: Swinging Strike 2-2: Strikes out swinging
|
Batting: RHB Er Le
|
0-0: Called Strike 0-1: Foul Ball, location: 2F 0-2: Strikes out swinging
|
Top of the 4th over - 0 runs, 0 hits, 0 errors, 0 left on base; Auburn 1 - Cincinnati (NYP) 0 |
BOTTOM OF THE 4TH |
Cincinnati (NYP) Reds batting - Pitching for Auburn Doubledays : RHP Jimmy Purscell
|
Batting: SHB Kristian Kristensen
|
0-0: Swinging Strike 0-1: Ball 1-1: Fly out, F7 (Flyball, 7, EV 91.9 MPH)
|
Batting: RHB Randy Grewe
|
0-0: Swinging Strike 0-1: Fly out, F7 (Flyball, 7LD, EV 108.8 MPH)
|
Batting: LHB Brian Dickeson
|
0-0: Ball 1-0: Foul Ball, location: 2F 1-1: SINGLE (Line Drive, 4MD, EV 108.8 MPH)
|
Batting: RHB David Clough
|
0-0: Called Strike 0-1: Called Strike 0-2: Ball 1-2: Ball 2-2: Foul Ball, location: 2F 2-2: Ball Passed Ball! Brian Dickeson to second 3-2: Foul Ball, location: 2F 3-2: Ground out 6-3 (Groundball, 56, EV 83.1 MPH)
|
Bottom of the 4th over - 0 runs, 1 hit, 0 errors, 1 left on base; Auburn 1 - Cincinnati (NYP) 0 |
TOP OF THE 5TH |
Auburn Doubledays batting - Pitching for Cincinnati (NYP) Reds : LHP Jesus Perez
|
Batting: RHB Antonio Vallez
|
0-0: Ball 1-0: Ball 2-0: Called Strike 2-1: Foul Ball, location: 2F 2-2: Ball 3-2: Strikes out swinging
|
Batting: RHB Taffounnout Kame
|
0-0: SINGLE (Groundball, 5S, EV 98.8 MPH)
|
Batting: SHB Alex Medina
|
0-0: Ball 1-0: Grounds into double play, 6-4-3 (Groundball, 6M, EV 100.6 MPH)
|
Top of the 5th over - 0 runs, 1 hit, 0 errors, 0 left on base; Auburn 1 - Cincinnati (NYP) 0 |
BOTTOM OF THE 5TH |
Cincinnati (NYP) Reds batting - Pitching for Auburn Doubledays : RHP Jimmy Purscell
|
Batting: SHB Jaivata Mohanty
|
0-0: Foul Ball, location: 2F 0-1: Ball 1-1: Fly out, F8 (Flyball, 8LD, EV 85.6 MPH)
|
Batting: SHB Cesar Pelayo
|
0-0: Called Strike 0-1: DOUBLE (Line Drive, 78XD, EV 99.4 MPH)
|
Batting: RHB Alex de Leon
|
0-0: Swinging Strike 0-1: Ground out 4-3 (Groundball, 4, EV 92.5 MPH) Cesar Pelayo to third
|
Batting: LHB Jason Pirkle
|
0-0: Ball 1-0: Foul Ball, location: 2F 1-1: Ball 2-1: Ball 3-1: Called Strike 3-2: Foul Ball, location: 2F 3-2: Foul Ball, location: 2F 3-2: Base on Balls
|
Batting: RHB Jon Marquez
|
0-0: Ball 1-0: Swinging Strike 1-1: Called Strike 1-2: Strikes out swinging
|
Bottom of the 5th over - 0 runs, 1 hit, 0 errors, 2 left on base; Auburn 1 - Cincinnati (NYP) 0 |
TOP OF THE 6TH |
Auburn Doubledays batting - Pitching for Cincinnati (NYP) Reds : LHP Jesus Perez
|
Batting: LHB Bobby Adams
|
0-0: Ground out U3 (Groundball, 3, EV 110.6 MPH)
|
Batting: RHB Xavier Reeves
|
0-0: Ground out 6-3 (Groundball, 6, EV 99.4 MPH)
|
Batting: LHB Chance McWilliams
|
0-0: Called Strike 0-1: Ground out 4-3 (Groundball, 4, EV 85.0 MPH)
|
Top of the 6th over - 0 runs, 0 hits, 0 errors, 0 left on base; Auburn 1 - Cincinnati (NYP) 0 |
BOTTOM OF THE 6TH |
Cincinnati (NYP) Reds batting - Pitching for Auburn Doubledays : RHP Jimmy Purscell
|
Batting: SHB Kristian Kristensen
|
0-0: Ball 1-0: Called Strike 1-1: Foul Ball, location: 2F 1-2: Ball 2-2: Ball 3-2: Ground out 1-3 (Groundball, 13S, EV 68.1 MPH)
|
Pitching: RHP John Kovach
|
|
Batting: RHB Randy Grewe
|
0-0: Called Strike 0-1: Ball 1-1: Ball 2-1: Called Strike 2-2: Strikes out swinging
|
Batting: LHB Brian Dickeson
|
0-0: Fly out, F9 (Flyball, 9, EV 89.4 MPH)
|
Bottom of the 6th over - 0 runs, 0 hits, 0 errors, 0 left on base; Auburn 1 - Cincinnati (NYP) 0 |
TOP OF THE 7TH |
Auburn Doubledays batting - Pitching for Cincinnati (NYP) Reds : LHP Jesus Perez
|
Batting: RHB Nick Moreno
|
0-0: Ground out 4-3 (Groundball, 4S, EV 90.0 MPH)
|
Batting: RHB Deshawn Boseman
|
0-0: Called Strike 0-1: Foul Ball, location: 2F 0-2: Strikes out looking
|
Batting: RHB Er Le
|
0-0: Ball 1-0: Foul Ball, location: 2F 1-1: Ball 2-1: Called Strike 2-2: Ball 3-2: Foul Ball, location: 2F 3-2: Hit by Pitch
|
Batting: RHB Antonio Vallez
|
0-0: Called Strike 0-1: Ground out 4-3 (Groundball, 4, EV 77.5 MPH)
|
Top of the 7th over - 0 runs, 0 hits, 0 errors, 1 left on base; Auburn 1 - Cincinnati (NYP) 0 |
BOTTOM OF THE 7TH |
Cincinnati (NYP) Reds batting - Pitching for Auburn Doubledays : RHP John Kovach
|
Batting: RHB David Clough
|
0-0: Called Strike 0-1: Called Strike 0-2: Strikes out swinging
|
Batting: SHB Jaivata Mohanty
|
0-0: Called Strike 0-1: Ball 1-1: Ball 2-1: Foul Ball, location: 2F 2-2: Strikes out swinging
|
Batting: SHB Cesar Pelayo
|
0-0: Called Strike 0-1: Ball 1-1: Ball 2-1: SINGLE (Groundball, 56D, EV 101.9 MPH)
|
Batting: RHB Alex de Leon
|
0-0: Called Strike 0-1: Ground out 4-3 (Groundball, 4, EV 81.9 MPH)
|
Bottom of the 7th over - 0 runs, 1 hit, 0 errors, 1 left on base; Auburn 1 - Cincinnati (NYP) 0 |
TOP OF THE 8TH |
Auburn Doubledays batting - Pitching for Cincinnati (NYP) Reds : LHP Jesus Perez
|
Batting: RHB Taffounnout Kame
|
0-0: Ground out 4-3 (Groundball, 4M, EV 111.2 MPH)
|
Batting: SHB Alex Medina
|
0-0: SINGLE (Groundball, 56S, EV 69.4 MPH) (infield hit)
|
Batting: LHB Bobby Adams
|
0-0: Called Strike 0-1: Fielders Choice at 2nd, 4-6 (Groundball, 4MD, EV 104.4 MPH)
|
Batting: RHB Xavier Reeves
|
0-0: Called Strike 0-1: Foul Ball, location: 2F 0-2: Foul Ball, location: 2F 0-2: Ball Wild Pitch! Bobby Adams to second 1-2: Ball 2-2: Strikes out swinging
|
Top of the 8th over - 0 runs, 1 hit, 0 errors, 1 left on base; Auburn 1 - Cincinnati (NYP) 0 |
BOTTOM OF THE 8TH |
Cincinnati (NYP) Reds batting - Pitching for Auburn Doubledays : RHP John Kovach
|
Batting: LHB Jason Pirkle
|
0-0: Called Strike 0-1: SINGLE (Line Drive, 7LS, EV 111.9 MPH)
|
Pinch Hitting: LHB Matthew Berry
|
|
Pitching: LHP Gregg Huddleston
|
0-0: Bunted foul 0-1: Sac Bunt to 13S - play at first, batter OUT! 1-3 Jason Pirkle to second
|
Batting: SHB Kristian Kristensen
|
0-0: Called Strike 0-1: Ball 1-1: Fly out, F7 (Line Drive, 7S, EV 86.9 MPH)
|
Batting: RHB Randy Grewe
|
0-0: Foul Ball, location: 2F 0-1: Called Strike 0-2: Strikes out swinging
|
Bottom of the 8th over - 0 runs, 1 hit, 0 errors, 1 left on base; Auburn 1 - Cincinnati (NYP) 0 |
TOP OF THE 9TH |
Auburn Doubledays batting - Pitching for Cincinnati (NYP) Reds : LHP Jesus Perez
|
Now in CF: Jason Pirkle
|
|
Now in RF: R.J. Romberg
|
|
Pinch Hitting: RHB Seth Rutz
|
0-0: Ball 1-0: Swinging Strike 1-1: Swinging Strike 1-2: Ball 2-2: Strikes out swinging
|
Batting: RHB Nick Moreno
|
0-0: Ball 1-0: Ball 2-0: Called Strike 2-1: Ground out 6-3 (Groundball, 6, EV 101.9 MPH)
|
Batting: RHB Deshawn Boseman
|
0-0: Swinging Strike 0-1: Foul Ball, location: 2F 0-2: Ball 1-2: Strikes out swinging
|
Top of the 9th over - 0 runs, 0 hits, 0 errors, 0 left on base; Auburn 1 - Cincinnati (NYP) 0 |
BOTTOM OF THE 9TH |
Cincinnati (NYP) Reds batting - Pitching for Auburn Doubledays : LHP Gregg Huddleston
|
Pitching: RHP Oswaldo Vasquez
|
|
Now in LF: Elias Posada
|
|
Batting: LHB Brian Dickeson
|
0-0: Ball 1-0: Ground out 6-3 (Groundball, 56S, EV 65.6 MPH)
|
Batting: RHB David Clough
|
0-0: Ball 1-0: Called Strike 1-1: Foul Ball, location: 2F 1-2: SINGLE (Groundball, 4MD, EV 94.4 MPH)
|
Batting: SHB Jaivata Mohanty
|
0-0: Ball 1-0: Foul Ball, location: 2F 1-1: Swinging Strike 1-2: Ground out U3 (Groundball, 34S, EV 81.2 MPH) David Clough to second
|
Batting: SHB Cesar Pelayo
|
0-0: Ball 1-0: Ball 2-0: Foul Ball, location: 2F 2-1: Foul Ball, location: 2F 2-2: Foul Ball, location: 2F 2-2: Foul Ball, location: 2F 2-2: Ball 3-2: Foul Ball, location: 2F 3-2: Strikes out swinging
|
Bottom of the 9th over - 0 runs, 1 hit, 0 errors, 1 left on base; Auburn 1 - Cincinnati (NYP) 0 |
|